 Dungeon Crawl Stone Soup version 0.22-a0-395-gfed312b (webtiles) character file.

63 4thArraOfDagon the Magician (level 3, -5/24 HPs)
             Began as a Mummy Fire Elementalist on May 3, 2018.
             Killed from afar by an orc wizard (8 damage)
             ... with a magic dart
             ... on level 5 of the Dungeon.
             The game lasted 00:03:03 (825 turns).

4thArraOfDagon the Magician (MuFE)                   Turns: 825, Time: 00:03:03

Health: -5/24      AC:  2    Str: 11    XL:     3   Next: 89%
Magic:  1/7        EV: 12    Int: 15    God:
Gold:   61         SH:  0    Dex: 12    Spells: 4/8 levels left

rFire    x . .     SeeInvis .   b - +4 dagger
rCold    + . .     Gourm    .   (no shield)
rNeg     + + +     Faith    .   a - +0 robe
rPois    ∞         Spirit   .   (no helmet)
rElec    .         Reflect  .   (no cloak)
rCorr    .         Harm     .   (no gloves)
MR       .....                  (no boots)
Stlth    ++........             (no amulet)
HPRegen  0.08/turn              (no ring)
MPRegen  0.10/turn              (no ring)

@: no status effects
A: no food or potions, fire vulnerability, cold resistance 1, negative energy
resistance 3, torment resistance, unbreathing
a: no special abilities


You were on level 5 of the Dungeon.
You were not hungry.

You visited 1 branch of the dungeon, and saw 5 of its levels.

You collected 61 gold pieces.

Inventory:

Hand Weapons
 b - a +4 dagger (weapon)
Armour
 a - a +0 robe (worn)
Scrolls
 c - a scroll of fog {unknown}
 d - a scroll of teleportation {unknown}
 e - a scroll of identify {unknown}
 f - 2 scrolls of remove curse {unknown}


   Skills:
 - Level 1.5 Dodging
 - Level 1.5 Stealth
 + Level 3.3 Spellcasting
 * Level 2.0 Conjurations
 * Level 3.1 Fire Magic


You had 4 spell levels left.
You knew the following spells:

 Your Spells              Type           Power        Failure   Level  Hunger
a - Flame Tongue          Conj/Fire      ##...        7%          1    N/A
b - Conjure Flame         Conj/Fire      ##......     21%         3    N/A

Dungeon Overview and Level Annotations

Branches:
Dungeon (5/15)
 Temple: D:4-7

Altars:
Fedhas
Makhleb
Qazlal
Yredelemnul
The Shining One


Innate Abilities, Weirdness & Mutations

You do not eat or drink.
Your flesh is vulnerable to fire.
You are immune to poison.
Your flesh is cold resistant. (rC+)
You are immune to negative energy. (rN+++)
You are immune to unholy pain and torment.
You can survive without breathing.


Message History

Casting: Flame Tongue (safe; 7% risk of failure)
Confirm with . or Enter, or press ? or * to list all spells.
Aiming: Flame Tongue (safe; 7% risk of failure)
Press: ? - help, Shift-Dir - straight line, f/p - orc wizard
Aim: an orc wizard, wielding a dagger and wearing a robe (fast)
The flame tongue hits the orc wizard.
The orc wizard appears unharmed.
The orc wizard hits you with a dagger.
The orc wizard gestures at you while chanting.
The magic dart hits you!
Unknown command.
You barely miss the orc wizard.
The orc wizard gestures at you while chanting.
The puff of flame hits you! The fire burns you terribly!
Ouch! That really hurt!
* * * LOW HITPOINT WARNING * * *
You hit the orc wizard.
The orc wizard is lightly wounded.
The orc wizard points at you and mumbles some strange words.
The magic dart hits you!
You die...

## .. #.
#. #.
#.#######.
#.@o......
####).####
...# #.#
.. .


You could see an orc wizard.

Vanquished Creatures
  An orc wizard (D:4)
  An adder (D:4)
  An ooze (D:2)
  A dart slug (D:2)
  2 orcs (D:5)
  A giant cockroach (D:1)
  3 goblins
  2 hobgoblins
  2 jackals (D:3)
  2 bats
  2 frilled lizards (D:3)
  A kobold (D:1)
  A leopard gecko skeleton (D:4)
  2 rats (D:1)
22 creatures vanquished.

Notes
Turn   | Place    | Note
-------+----------+-------------------------------------------
     0 | D:1      | 4thArraOfDagon the Mummy Fire Elementalist began the quest for the Orb.
     0 | D:1      | Reached XP level 1. HP: 13/13 MP: 4/4
    83 | D:1      | Reached skill level 1 in Conjurations
   374 | D:2      | Thaneod: co sie stalo?
   374 | D:2      | Reached XP level 2. HP: 13/19 MP: 3/5
   442 | D:2      | Noticed a phantom
   562 | D:3      | Found a stormy altar of Qazlal.
   694 | D:4      | Found a blossoming altar of Fedhas.
   700 | D:4      | Found a glowing golden altar of the Shining One.
   703 | D:4      | Reached XP level 3. HP: 24/24 MP: 4/7
   708 | D:4      | Learned a level 3 spell: Conjure Flame
   708 | D:4      | 4thArraOfDagon: hej
   708 | D:4      | 4thArraOfDagon: co, z mumia?
   796 | D:4      | Found a burning altar of Makhleb.
   798 | D:4      | Found a basalt altar of Yredelemnul.
   817 | D:5      | Entered Level 5 of the Dungeon
   825 | D:5      | Killed from afar by an orc wizard

Vault maps used:
D:1:      giann_horns, minmay_misc_feat_roman, st_stairs_12
D:2:      first_ration
D:3:      lemuel_round_altar, grunt_qazlal_clouds, trog_butcher_becter,
          uniq_sigmund
D:4:      nicolae_overflow_hidden_temple, fedhas_altar_1,
          grunt_temple_overflow_open, temple_fountains
D:5:      kennysheep_little_box, old_standard_altar, minivault_26

Skill      XL: |  1  2  3 |
---------------+----------+-----
Conjurations   | 1 2 |  2.0
Spellcasting   | 3 |  3.3
Fire Magic     | 3 |  3.1
Dodging        | |  1.5
Stealth        | |  1.5

Action                   || total
-------------------------++-------
Melee: Dagger            ||    20
       Unarmed           ||     1
 Cast: Flame Tongue      ||    39
 Stab: Sleeping          ||     2
Armor: Robe              ||     7
Dodge: Dodged            ||    17

Table legend:
 A = Spawn XP
 B = Non-spawn XP
 C = Spawn XP percentage of total XP
 D = Spawn monster count
 E = Non-spawn monster count
 F = Spawn count percentage of total count
 G = Total turns spent on level
                    A         B        C        D         E        F      G
               +---------+---------+-------+---------+---------+-------+---------
         Total |       0 |      91 |   0.0 |       0 |      22 |   0.0 |   825
               +---------+---------+-------+---------+---------+-------+---------
           D:1 |       0 |       8 |   0.0 |       0 |       6 |   0.0 |   191
           D:2 |       0 |      18 |   0.0 |       0 |       6 |   0.0 |   259
           D:3 |       0 |       8 |   0.0 |       0 |       5 |   0.0 |   162
           D:4 |       0 |      51 |   0.0 |       0 |       3 |   0.0 |   205
           D:5 |       0 |       6 |   0.0 |       0 |       2 |   0.0 |     8
               +---------+---------+-------+---------+---------+-------+---------
